 Dungeon Crawl Stone Soup version 0.25-a0-294-gea9b1ad378 (webtiles) character file.

Game seed: 2562843030269433943, levelgen mode: deterministic

368 Error4North the Shield-Bearer (level 6, -5/53 HPs)
             Began as a Hill Orc Fighter on Dec 19, 2019.
             Killed by nerve-wracking pain
             ... invoked by an orc priest
              (13 damage)
             ... on level 4 of the Dungeon.
             The game lasted 00:16:29 (3470 turns).

Error4North the Shield-Bearer (Hill Orc Fighter)    Turns: 3470, Time: 00:16:30

Health: -5/53      AC:  9    Str: 21    XL:     6   Next: 69%
Magic:  8/8        EV:  8    Int:  8    God:
Gold:   223        SH:  0    Dex: 10    Spells: 8/8 levels left

rFire    . . .     SeeInvis .   a - +0 war axe
rCold    . . .     Gourm    .   c - +0 shield
rNeg     . . .     Faith    .   b - +0 scale mail
rPois    .         Spirit   .   j - +1 helmet
rElec    .         Reflect  .   (no cloak)
rCorr    .         Harm     .   (no gloves)
MR       .....                  (no boots)
Stlth    ..........             (no amulet)
HPRegen  0.17/turn              (no ring)
MPRegen  0.11/turn              (no ring)

@: confused
A: no striking features
a: Convert to Beogh


You were on level 4 of the Dungeon.
You were not hungry.

You visited 2 branches of the dungeon, and saw 6 of its levels.

You collected 223 gold pieces.

Inventory:

Hand Weapons
 a - a +0 war axe (weapon)
 p - a +1 hunting sling
 u - a +2 mace of protection
Missiles
 e - 14 sling bullets
 i - 116 stones (quivered)
Armour
 b - a +0 scale mail (worn)
 c - a +0 shield (worn)
 j - a +1 helmet (worn)
Wands
 t - a wand of iceblast (6)
Scrolls
 g - 2 scrolls of enchant weapon
 h - 4 scrolls of remove curse {unknown}
 n - a scroll of identify
 q - 3 scrolls of blinking {unknown}
 r - 2 scrolls of teleportation {unknown}
Potions
 d - 3 potions of might
 l - 3 potions of heal wounds {unknown}
 m - a potion of haste {unknown}
 o - 2 potions of agility {unknown}
Comestibles
 f - 8 rations


   Skills:
 * Level 4.5 Fighting
 + Level 4.5 Axes
 + Level 1.2 Slings
 + Level 4.2 Armour
 + Level 1.0 Dodging
 * Level 4.8 Shields
 * Level 1.8 Spellcasting


You had 8 spell levels left.
You didn't know any spells.
Your spell library contained the following spells:

 Spells                   Type           Power        Failure   Level  Hunger
 Summon Small Mammal      Summ           #...         98%         1    ##.....
 Call Imp                 Summ           #.......     99%         2    ###....
 Call Canine Familiar     Summ           #.......     100%        3    ####...
 Summon Guardian Golem    Hex/Summ       #.......     100%        3    ####...
 Summon Ice Beast         Ice/Summ       #.......     100%        4    #####..
 Summon Lightning Spire   Summ/Air       #.......     100%        4    #####..


Dungeon Overview and Level Annotations

Branches:
Dungeon (5/15)             Temple (1/1) D:5

Altars:
Cheibriados
Dithmenos
Elyvilon
Fedhas
Gozag
Hepliaklqana
Kikubaaqudgha
Makhleb
Nemelex Xobeh
Qazlal
Sif Muna
Trog
Uskayaw
Vehumet
Wu Jian
Xom
Yredelemnul
Zin
The Shining One


Message History

It was a potion of cancellation.
You feel magically purged.
The orc priest mumbles some strange prayers to Beogh against you.
Beogh smites you!
* * * LOW HITPOINT WARNING * * *
The orc hits you with a +0 falchion.
* * * LOW HITPOINT WARNING * * *
Something hits you.
* * * LOW HITPOINT WARNING * * *
Your +2 mace of protection goes still.
a - a +0 war axe (weapon)
The orc priest barely misses you.
You completely miss the orc priest.
The orc priest is heavily wounded.
You barely miss the orc. You miss something.
The orc hits you but does no damage.
You hear some strange, mumbled words.
You are confused.
The orc priest invokes the aid of Beogh against you.
Pain shoots through your body!
You die...

.. . .# ..# ..... ..# ...
.##....# ... .(#....#
######### ...##.#....#
#.......#
......#....######.......#
..........((..(o@.<.....#
....#.###...[..{o.......#
....))[......####.......#
....)..รท.<..........#####
#####.....#####.###.#
#.....# #...#.# #.o...#
#...#.# #####.....#
#...#.# oo..o.....#
#...#.#


You could see an orc priest and an orc.

Vanquished Creatures
  A centaur skeleton (D:2)
  A hound (D:5)
  3 iguanas
  Terence (D:3)
  2 orc wizards (D:5)
  7 adders
  An ooze (D:3)
  An adder skeleton (D:5)
  2 worms (D:3)
  3 leopard geckos
  11 orcs
  2 ball pythons (D:4)
  3 bats
  3 giant cockroaches
  11 goblins
  7 hobgoblins
  4 jackals (D:3)
  3 kobolds
  A quokka (D:5)
  5 frilled lizards
  A quokka skeleton (D:5)
  6 rats
79 creatures vanquished.

Notes
Turn   | Place    | Note
-------+----------+-------------------------------------------
     0 | D:1      | Error4North the Hill Orc Fighter began the quest for the
                  | Orb.
     0 | D:1      | Reached XP level 1. HP: 19/19 MP: 1/1
   150 | D:1      | Reached XP level 2. HP: 23/27 MP: 2/2
   811 | D:2      | Reached XP level 3. HP: 24/33 MP: 3/3
  1214 | D:2      | Reached XP level 4. HP: 32/40 MP: 4/4
  1698 | D:2      | Found a blossoming altar of Fedhas.
  1698 | D:2      | Found a radiant altar of Vehumet.
  1700 | D:2      | Found a shimmering blue altar of Sif Muna.
  1791 | D:3      | Found a shadowy altar of Dithmenos.
  1795 | D:3      | Noticed Terence
  1824 | D:3      | Killed Terence
  1824 | D:3      | Reached XP level 5. HP: 32/46 MP: 4/6
  1849 | D:3      | Noticed a water elemental
  1852 | D:3      | Noticed an air elemental
  1855 | D:3      | Found a stormy altar of Qazlal.
  1878 | D:3      | Noticed a fire elemental
  2220 | D:3      | Reached skill level 1 in Spellcasting
  2350 | D:3      | You fall into a shaft and drop 2 floors!
  2350 | D:5      | Entered Level 5 of the Dungeon
  2432 | D:5      | Found a staircase to the Ecumenical Temple.
  2445 | D:5      | Reached skill level 1 in Slings
  2445 | D:5      | Reached XP level 6. HP: 42/52 MP: 7/7
  2504 | Temple   | Entered the Ecumenical Temple
  3128 | D:4      | Reached skill level 1 in Dodging
  3470 | D:4      | Killed from afar by an orc priest

Levels and vault maps discovered:
D:1:      minmay_arrival_arboretum_large, layout_loops_ring
D:2:      layout_loops_ring, grunt_temple_overflow_open
D:3:      layout_rooms, nicolae_overflow_hidden_temple,
          nicolae_qazlal_style_of_elements, uniq_terence
D:4:      wad_lake_hut, layout_rooms, first_ration, uniq_menkaure
D:5:      minmay_opposing_rooms, layout_gridville,
          minmay_temple_entry_junction_2
Temple:   minmay_freezing_vapour_temple

Skill      XL: |  1  2  3  4  5  6 |
---------------+-------------------+-----
Axes           | 3 4 |  4.5
Fighting       | 4 |  4.5
Shields        | 4 |  4.8
Armour         | 4 |  4.2
Spellcasting   | 1 |  1.8
Slings         | 1 |  1.2
Dodging        | 1 |  1.0

Action                   |  1- 3 |  4- 6 || total
-------------------------+-------+-------++-------
Melee: War axe           |   118 |   180 ||   298
       Mace              |       |     9 ||     9
 Fire: Hunting sling     |     8 |    35 ||    43
Throw: Stone             |       |     1 ||     1
  Use: Scroll            |       |     2 ||     2
       Potion            |       |     2 ||     2
  Eat: Chunk             |     1 |     4 ||     5
       Ration            |       |     1 ||     1
Armor: Scale mail        |    68 |   119 ||   187
Dodge: Dodged            |    42 |    68 ||   110
Block: Shield            |    76 |   115 ||   191

Table legend:
 A = Non-vault XP
 B = Vault XP
 C = Vault XP percentage of total XP
 D = Non-vault monster count
 E = Vault monster count
 F = Vault count percentage of total count
                 A         B        C        D         E       F
            +---------+---------+-------+---------+---------+-------
      Total |     490 |      36 |   6.8 |      78 |       1 |   1.3
            +---------+---------+-------+---------+---------+-------
        D:1 |      26 |       0 |   0.0 |      16 |       0 |   0.0
        D:2 |     104 |       0 |   0.0 |      17 |       0 |   0.0
        D:3 |      89 |      36 |  28.8 |      22 |       1 |   4.3
        D:4 |      59 |       0 |   0.0 |      10 |       0 |   0.0
        D:5 |     212 |       0 |   0.0 |      13 |       0 |   0.0
            +---------+---------+-------+---------+---------+-------
